 Dungeon Crawl Stone Soup version 0.24-a0-307-gf989941 (webtiles) character file.

Game seed: 4354610336450259092

86 nikopol the Firebug (level 4, -1/24 HPs)
             Began as a Deep Elf Fire Elementalist on May 13, 2019.
             Slain by a kobold
             ... wielding a +0 dagger
              (5 damage)
             ... on level 2 of the Dungeon.
             The game lasted 00:03:30 (1335 turns).

nikopol the Firebug (Deep Elf Fire Elementalist)    Turns: 1335, Time: 00:03:31

Health: -1/24      AC:  2    Str:  5    XL:     4   Next: 27%
Magic:  1/12       EV: 13    Int: 21    God:
Gold:   73         SH:  0    Dex: 15    Spells: 5/11 levels left

rFire    + . .     SeeInvis .   (no weapon)
rCold    x . .     Gourm    .   (no shield)
rNeg     . . .     Faith    .   a - +0 robe
rPois    .         Spirit   .   (no helmet)
rElec    .         Reflect  .   (no cloak)
rCorr    .         Harm     .   (no gloves)
MR       .....                  (no boots)
Stlth    ++........             (no amulet)
HPRegen  0.08/turn              j - ring of fire
MPRegen  0.13/turn              (no ring)

@: lethally poisoned (-1 -> -10)
A: no striking features
a: no special abilities


You were on level 2 of the Dungeon.
You were not hungry.

You visited 1 branch of the dungeon, and saw 2 of its levels.

You collected 73 gold pieces.

Inventory:

Armour
 a - a +0 robe (worn)
 i - a +0 cloak
Jewellery
 j - a ring of fire (left hand)
 n - a +4 ring of dexterity {unknown}
 p - an uncursed ring of positive energy {unknown}
Scrolls
 f - 2 scrolls of fog {unknown}
 g - a scroll of magic mapping {unknown}
 h - 2 scrolls of blinking {unknown}
 k - a scroll of teleportation {unknown}
 l - 2 scrolls of identify {unknown}
 m - a scroll of enchant armour {unknown}
Potions
 b - 3 potions of curing {unknown}
 d - a potion of heal wounds {unknown}
 e - a potion of berserk rage {unknown}
 o - 2 potions of cancellation {unknown}
Comestibles
 c - 2 rations
 q - a chunk of flesh


   Skills:
 + Level 2.5 Dodging
 + Level 2.8 Stealth
 + Level 4.2 Spellcasting
 + Level 1.7 Conjurations
 + Level 4.5 Fire Magic


You had 5 spell levels left.
You knew the following spells:

 Your Spells              Type           Power        Failure   Level  Hunger
a - Flame Tongue          Conj/Fire      ####.        3%          1    None
b - Throw Flame           Conj/Fire      ####..       4%          2    #......
c - Conjure Flame         Conj/Fire      ####....     10%         3    ###....

Your spell library contained the following spells:

 Spells                   Type           Power        Failure   Level  Hunger
 Inner Flame              Hex/Fire       ###.....     14%         3    ###....
 Sticky Flame             Conj/Fire      ####....     32%         4    ####...
 Fireball                 Conj/Fire      ####......   65%         5    ######.


Dungeon Overview and Level Annotations

Branches:
Dungeon (2/15)

Altars:


Message History

The adder poisons you!
Casting: Flame Tongue (safe; 3% risk of failure)
Confirm with . or Enter, or press ? or * to list all spells.
Aiming: Flame Tongue (safe; 3% risk of failure)
Press: ? - help, Shift-Dir - straight line, f - adder
Aim: an adder You feel a surge of power!
The flame tongue hits the adder!
You kill the adder!
* * * LOW HITPOINT WARNING * * *
You feel sick.
Casting: Flame Tongue (safe; 3% risk of failure)
Confirm with . or Enter, or press ? or * to list all spells.
Aiming: Flame Tongue (safe; 3% risk of failure)
Press: ? - help, Shift-Dir - straight line, f - kobold
Aim: a kobold, wielding a +0 dagger and wearing a +0 robe You feel a surge of power!
The flame tongue hits the kobold.
The kobold is moderately wounded.
* * * LOW HITPOINT WARNING * * *
You feel sick. The kobold hits you with a +0 dagger.
You die...

......######..##.#.
......######.)##.#
...............#.#
......#.##.......#
##......# ###......#
..........# ####...##.#
#.# #...##@# #.## #...##K#
#h##. ###.##.# ## #.##..
#####....# ##.# #.##...
#........# ##.#. #h##..##
#.........###.#..#.##....#
...>......##.#..#.##.†##..
..........#......###...###
.>........#+#.#..#.###...#


You could see a kobold.

Vanquished Creatures
  A worker ant (D:2)
  2 adders (D:2)
  A worm (D:2)
  3 dart slugs
  4 goblins
  4 hobgoblins
  6 jackals
  2 ball pythons (D:2)
  2 bats
  A frilled lizard (D:1)
  4 kobolds
  6 rats
36 creatures vanquished.

Notes
Turn   | Place    | Note
-------+----------+-------------------------------------------
     0 | D:1      | nikopol the Deep Elf Fire Elementalist began the quest for
                  | the Orb.
     0 | D:1      | Reached XP level 1. HP: 10/10 MP: 6/6
   155 | D:1      | Reached XP level 2. HP: 15/15 MP: 2/8
   825 | D:1      | Reached XP level 3. HP: 10/19 MP: 4/9
   973 | D:2      | Learned a level 2 spell: Throw Flame
   977 | D:2      | Learned a level 3 spell: Conjure Flame
  1333 | D:2      | Reached XP level 4. HP: 9/24 MP: 3/12
  1335 | D:2      | Slain by a kobold

Levels and vault maps discovered:
D:1:      mrwooster_arrival_statue, layout_basic
D:2:      minmay_razor_zed, layout_rooms, minmay_tree_intersection,
          uniq_crazy_yiuf_cottage

Skill      XL: |  1  2  3 |
---------------+----------+-----
Fire Magic     | 4 |  4.5
Spellcasting   | 4 |  4.2
Dodging        | |  2.5
Stealth        | |  2.8
Conjurations   | |  1.7

Action                   |  1- 3 |  4- 6 || total
-------------------------+-------+-------++-------
 Cast: Flame Tongue      |    69 |     3 ||    72
  Eat: Chunk             |     1 |       ||     1
Armor: Robe              |    10 |       ||    10
Dodge: Dodged            |    26 |       ||    26

Table legend:
 A = Non-vault XP
 B = Vault XP
 C = Vault XP percentage of total XP
 D = Non-vault monster count
 E = Vault monster count
 F = Vault count percentage of total count
                 A         B        C        D         E       F
            +---------+---------+-------+---------+---------+-------
      Total |     124 |       0 |   0.0 |      36 |       0 |   0.0
            +---------+---------+-------+---------+---------+-------
        D:1 |      33 |       0 |   0.0 |      19 |       0 |   0.0
        D:2 |      91 |       0 |   0.0 |      17 |       0 |   0.0
            +---------+---------+-------+---------+---------+-------
